 Dungeon Crawl Stone Soup version 0.30-a0-591-g3c58d2bc28 (webtiles) character file.

Game seed: 18100836366815472436

135 OTABOTABOTAB the Conjurer (level 4, -2/24 HPs)
             Began as a Deep Elf Conjurer on Jan 4, 2023.
             Constricted to death by Ijyb (4 damage)
             ... on level 3 of the Dungeon.
             The game lasted 00:03:27 (2309 turns).

OTABOTABOTAB the Conjurer (Deep Elf Conjurer)       Turns: 2309, Time: 00:03:28

Health: -2/24      AC:  2    Str:  4    XL:     4   Next: 97%
Magic:  4/12       EV:  9    Int: 25    God:
Gold:   86         SH:  0    Dex: 13    Spells: 0/11 levels left

rFire   . . .      SeeInvis .    e - +0 dagger
rCold   . . .      Faith    .    (no shield)
rNeg    . . .      Spirit   .    a - +0 robe
rPois   .          Reflect  .    (no helmet)
rElec   .          Harm     .    (no cloak)
rCorr   .          Rampage  .    (no gloves)
Will    .....                    (no boots)
Stlth   ++                       (no amulet)
HPRegen 0.24/turn                (no ring)
MPRegen 0.13/turn                (no ring)

@: grasped by roots, constricted
A: no striking features
a: no special abilities


You were on level 3 of the Dungeon.
You visited 1 branch of the dungeon, and saw 3 of its levels.

You collected 86 gold pieces.

Inventory:

Hand Weapons
 e - a +0 dagger (weapon)
   (You took it off a kobold on level 1 of the Dungeon)
Missiles
 b - 2 boomerangs
 i - 7 poisoned darts
 s - 29 stones
Armour
 a - a +0 robe (worn)
Wands
 k - a wand of roots (13)
   (You took it off Natasha on level 2 of the Dungeon)
 q - a wand of flame (19)
   (You found it on level 3 of the Dungeon)
Scrolls
 f - 4 scrolls of identify {unknown}
 h - a scroll of poison {unknown}
 j - 2 scrolls of teleportation {unknown}
 m - a scroll of fear {unknown}
 n - a scroll of enchant armour {unknown}
Potions
 c - a potion of mutation {unknown}
 d - 2 potions of degeneration {unknown}
 g - a potion of attraction {unknown}
 l - a potion of lignification {unknown}
 H - a potion of haste
 M - a potion of magic


   Skills:
 - Level 2.4 Dodging
 - Level 2.4 Stealth
 + Level 4.4 Spellcasting
 * Level 6.0 Conjurations
 + Level 1.2 Hexes
 + Level 1.0 Translocations


You couldn't memorise any spells.
You knew the following spells:

 Your Spells              Type           Power      Damage    Failure   Level
a - Magic Dart            Conj           100%       1d8       1%          1
b - Searing Ray           Conj           70%        2d7       1%          2
c - Fulminant Prism       Conj/Hex       11%        3d9       19%         4
x - Iskenderun's Mystic   Conj/Tloc      23%        2d6       21%         4

Your spell library contained the following spells:

 Spells                   Type           Power      Damage    Failure   Level
 Dazzling Flash           Conj/Hex       46%        N/A       6%          3
 Beastly Appendage        Tmut           10%        N/A       9%          1
 Necrotise                Necr           20%        1d5       9%          1
 Wereblood                Tmut           5%         N/A       13%         2
 Portal Projectile        Hex/Tloc       22%        N/A       16%         3
 Tukima's Dance           Hex            11%        N/A       16%         3
 Spider Form              Tmut/Pois      5%         N/A       26%         3
 Vampiric Draining        Necr           5%         2d6       26%         3
 Agony                    Necr           5%         N/A       94%         5
 Blade Hands              Tmut           2%         N/A       94%         5


Dungeon Overview and Level Annotations

Branches:
Dungeon (3/15)

Altars:

Annotations:
D:3 Ijyb


Message History

You see here a bat corpse.
H - a potion of haste You see here a bat corpse.
You see here a frilled lizard skeleton.
Done exploring.
Done exploring.
Done exploring.
Done exploring.
Done exploring.
Okay, then.
Unknown command.
Done exploring.
Done exploring.
Done exploring.
Done exploring.
Search for what [? for help]? altar Unknown command.
Done exploring.
Done exploring.
Done exploring.
(D) Dungeon
Where to? (Enter - D:2, ? - help)
There is a stone staircase leading down here.
You climb downwards.
There is a stone staircase leading up here.
A quokka comes into view.
A quokka is nearby!
The magic dart hits the quokka.
You kill the quokka!
You now have 11/12 mp.
No target in view!
s - 29 stones (gained 4)
You now have 74 gold pieces (gained 3).
You pick up a book of Weapons and begin reading...
You add the spells Tukima's Dance, Portal Projectile and Blade Hands to your library.
MP restored: 12 No target in view!
No target in view!
Okay, then.
Unknown command.
An endoplasm comes into view.
An endoplasm is nearby!
The magic dart hits the endoplasm.
The endoplasm quivers.
You now have 11/12 mp.
The magic dart hits the endoplasm.
You now have 10/12 mp.
The magic dart hits the endoplasm.
You kill the endoplasm!
You now have 9/12 mp.
No target in view!
q - a wand of flame (19) MP restored: 12
Found a stone staircase leading down.
There is a stone staircase leading down here.
You now have 86 gold pieces (gained 12).
You see here a +0 whip.
n - a scroll labelled ILIGEPN DEUGI Ijyb and a frilled lizard come into view.
Ijyb is wielding a +1 dagger of venom and carrying a wand of roots (7).
The frilled lizard hisses angrily.
The magic dart hits the frilled lizard.
You kill the frilled lizard!
Ijyb shouts!
You now have 11/12 mp.
The magic dart hits Ijyb but does no damage.
Ijyb zaps a wand.
The roots erupt in riotous growth!
The grasping roots grab you! The grasping roots constrict you.
The magic dart hits Ijyb.
The grasping roots constrict you.
You take 9 damage, and have 15/24 hp.
MASSIVE DAMAGE!!
You now have 9/12 mp.
The magic dart hits Ijyb!
The grasping roots constrict you.
You take 5 damage, and have 10/24 hp.
MASSIVE DAMAGE!!
You now have 8/12 mp.
Aim: Ijyb, wielding a +1 dagger of venom, wearing a +0 leather armour and carrying a wand of roots (6) (moderately wounded, 76% to hit)
The searing ray hits Ijyb. (Press . to maintain the ray.)
The grasping roots constrict you.
* * * LOW HITPOINT WARNING * * *
The grasping roots release their grip on you.
You take 3 damage, and have 7/24 hp.
You now have 6/12 mp.
The searing ray hits Ijyb!
You now have 5/12 mp.
The searing ray misses Ijyb.
Ijyb zaps a wand.
The roots erupt in riotous growth!
The grasping roots grab you! The grasping roots constrict you.
* * * LOW HITPOINT WARNING * * *
You take 6 damage, and have 2/24 hp.
MASSIVE DAMAGE!!
You now have 4/12 mp.
The searing ray misses Ijyb.
You finish channelling your searing ray.
The grasping roots constrict you.
You die...

# # . # .. #
... # .... #
..... #
......#### #
......g@.# #
###########.#
#
.........##.#
#
########.##.##
# #.....# #
##..#..# #
#......# #
###....# #
#....# ######


You could see Ijyb.

Vanquished Creatures
  Natasha (thrice) (D:2)
  2 adders (D:2)
  5 bats
  5 endoplasms
  A giant cockroach (D:2)
  7 goblins
  5 hobgoblins
  2 kobolds (D:1)
  A quokka (D:3)
  4 ball pythons
  6 frilled lizards
  3 rats
44 creatures vanquished.

Notes
Turn   | Place    | Note
-------+----------+-------------------------------------------
     0 | D:1      | OTABOTABOTAB the Deep Elf Conjurer began the quest for the
                  | Orb.
     0 | D:1      | Reached XP level 1. HP: 10/10 MP: 6/6
   184 | D:1      | Found a faded altar of an unknown god.
   212 | D:1      | Reached XP level 2. HP: 11/15 MP: 4/8
   219 | D:1      | Learned a level 2 spell: Searing Ray
   552 | D:1      | Reached skill level 5 in Conjurations
   995 | D:2      | Noticed Natasha
  1000 | D:2      | Killed Natasha
  1001 | D:2      | Reached XP level 3. HP: 19/19 MP: 2/10
  1025 | D:2      | Noticed Natasha
  1031 | D:2      | Killed Natasha
  1032 | D:2      | Reached skill level 4 in Spellcasting
  1032 | D:2      | Reached XP level 4. HP: 24/24 MP: 1/12
  1234 | D:2      | Learned a level 4 spell: Fulminant Prism
  1239 | D:2      | Learned a level 4 spell: Iskenderun's Mystic Blast
  1318 | D:2      | Noticed Natasha
  1424 | D:2      | Killed Natasha
  1576 | D:2      | Reached skill level 1 in Hexes
  1579 | D:2      | Reached skill level 6 in Conjurations
  1700 | D:2      | Reached skill level 1 in Translocations
  2301 | D:3      | Noticed Ijyb
  2308 | D:3      | HP: 2/24 [constriction (6)]
  2309 | D:3      | Constricted to death by Ijyb

Illustrated notes

Levels and vault maps discovered:
D:1:      lemuel_arrival_river_bridge, layout_basic,
          chequers_ecumenical_altar_simple
D:2:      minmay_recursive_quarters, layout_basic, uniq_natasha
D:3:      layout_basic, serial_shops, shop, uniq_ijyb, uniq_jessica

Skill      XL: |  1  2  3  4 |
---------------+-------------+-----
Conjurations   | 5 6 |  6.0
Spellcasting   | 4 |  4.4
Hexes          | 1 |  1.2
Translocations | 1 |  1.0
Dodging        | |  2.4
Stealth        | |  2.4

Action                   |  1- 3 |  4- 6 || total
-------------------------+-------+-------++-------
Melee: Dagger            |       |     7 ||     7
 Cast: Magic Dart        |    40 |    32 ||    72
       Searing Ray       |     2 |     4 ||     6
Armor: Robe              |     1 |     5 ||     6
Dodge: Dodged            |     2 |     7 ||     9

Table legend: (Time is in decaauts)
 A = Elapsed time spent in this place.
 B = Non-inter-level travel time spent in this place.
 C = Inter-level travel time spent in this place.
 D = Time resting spent in this place.
 E = Time spent auto-exploring this place.
 F = Levels seen in this place.
 G = Mean time per level.
                   A        B        C        D        E       F      G
               +--------+--------+--------+--------+--------+-----+--------+
         Total |   2307 |   2283 |     24 |      0 |   2095 |   3 |  769.0 |
       Dungeon |   2307 |   2283 |     24 |      0 |   2095 |   3 |  769.0 |
               +--------+--------+--------+--------+--------+-----+--------+

Top non-repeatable levels by time:
     D:2: 990 daAuts
     D:1: 978 daAuts
     D:3: 338 daAuts

Table legend:
 A = Kills in this place as a percentage of kills in entire the game.
 B = Kills by you in this place as a percentage of kills by you in the entire game.
 C = Kills by friends in this place as a percentage of kills by friends in the entire game.
 D = Other kills in this place as a percentage of other kills in the entire game.
 E = Experience gained in this place as a percentage of experience gained in the entire game.
 F = Experience gained in this place divided by the number of levels of this place that you have seen.
                   A       B       C       D       E      F
               +-------+-------+-------+-------+-------+----------------------
         Total | 100.0 | 100.0 |   N/A |   N/A | 100.0 |  64.7
       Dungeon | 100.0 | 100.0 |   N/A |   N/A | 100.0 |  64.7
               +-------+-------+-------+-------+-------+----------------------
